 Dungeon Crawl Stone Soup version 0.30.1-11-g7821555f0a (webtiles) character file.

Game seed: 7318846136644650724

138 jagang the Trooper (level 5, -6/42 HPs)
             Began as a Human Monk on Dec 22, 2023.
             Splashed by a jelly's acid (10 damage)
             ... on level 4 of the Dungeon.
             The game lasted 00:05:26 (1799 turns).

jagang the Trooper (Human Monk)                     Turns: 1799, Time: 00:05:27

Health: -6/42      AC:  0    Str: 11    XL:     5   Next: 45%
Magic:  14/14      EV:  6    Int: 11    God:
Gold:   33         SH:  0    Dex: 17    Spells: 4/4 levels left

rFire   . . .        a - +0 falchion
rCold   . . .        d - orb {light}
rNeg    . . .        o - +0 chain mail
rPois   .            (no helmet)
rElec   .            (no cloak)
rCorr   .            (no gloves)
SInv    .            (no boots)
Will    .....        g - amulet of regeneration Stlth
                     l - ring of wizardry
HPRegen 1.07/turn    p - ring of magical power
MPRegen 0.14/turn

%: wizardry (x1)
@: corroded, glowing
A: no striking features
a: no special abilities


You were on level 4 of the Dungeon.
You visited 1 branch of the dungeon, and saw 4 of its levels.

You collected 107 gold pieces.
You spent 74 gold pieces at shops.

Inventory:

Hand Weapons
 a - a +0 falchion (weapon)
Armour
 d - an orb of light (worn)
 o - a +0 chain mail (worn)
Jewellery
 g - an amulet of regeneration (around neck)
 l - a ring of wizardry (left hand)
 p - a ring of magical power (right hand)
 t - an amulet of faith
 u - a ring of wizardry
Scrolls
 e - 7 scrolls of identify
 i - 3 scrolls of enchant weapon {unknown}
 k - 2 scrolls of noise {unknown}
 n - a scroll of teleportation {unknown}
 r - a scroll of acquirement {unknown}
Potions
 b - 2 potions of heal wounds {unknown}
 c - a potion of ambrosia
 f - 3 potions of curing {unknown}
 h - a potion of lignification {unknown}
 j - a potion of magic {unknown}
 m - 2 potions of flight {unknown}
 q - 2 potions of cancellation {unknown}
 s - a potion of berserk rage {unknown}


   Skills:
 + Level 4.1 Fighting
 + Level 4.0 Long Blades
 + Level 2.5 Armour
 - Level 3.0 Dodging


You had 4 spell levels left.
You didn't know any spells.
Your spell library contained the following spells:

 Spells                   Type           Power      Damage    Failure   Level
 Shock                    Conj/Air       0%         1d3       98%         1
 Swiftness                Air            0%         N/A       100%        3
 Airstrike                Air            0%         2d(0-16)  100%        4
 Animate Dead             Necr           0%         N/A       100%        4
 Haunt                    Necr/Summ      0%         N/A       100%        7
 Infestation              Necr           0%         N/A       100%        8


Dungeon Overview and Level Annotations

Branches:
Dungeon (3/15)

Altars:
Cheibriados

Shops:
D:1 *?=   D:2 (


Message History

The jelly is moderately wounded.
The jelly hits you but does no damage. The jelly hits you.
You are splashed with acid!
A jelly comes into view.
The jelly quivers.
You slash the jelly!
Your hands burn!
The jelly is severely wounded.
The jelly hits you but does no damage.
You hit the jelly but do no damage.
Your hands burn!
The jelly is severely wounded.
The jelly hits you but does no damage.
The jelly jiggles.
You hit the jelly.
You kill the jelly!
Your Fighting skill increases to level 4!
Your Long Blades skill increases to level 4!
No target in view!
No target in view!
You hit the jelly.
Your hands burn!
The jelly is lightly wounded.
The jelly hits you.
You are splashed with acid!
You hit the jelly.
Your hands burn!
The jelly is moderately wounded.
The jelly hits you but does no damage.
You hit the jelly but do no damage.
Your hands burn!
The jelly is moderately wounded.
The jelly hits you. The acid corrodes you!
You are splashed with acid!
You are too injured to fight recklessly!
You are too injured to fight recklessly!
You hit the jelly. The acid corrodes you!
Your hands burn!
The jelly is heavily wounded.
The jelly barely misses you.
You hit the jelly.
Your hands burn!
The jelly is severely wounded.
The jelly hits you.
You are splashed with acid!
* * * LOW HITPOINT WARNING * * *
The jelly attacks as you move away! The jelly hits you.
* * * LOW HITPOINT WARNING * * *
You are splashed with acid!
You die...

#.# #.#
#....###
#.# #.#
#.####
#.###.# #.#
#.....# #.#
####..# #.#
#.J# #.#
#..# #.#
#..######.#
#......J@.#
#.#######.#
#.# #.# #.#
#.# #.# #.#
#.# ..# #.#
... #.# ≈≈.
..#


You could see a jelly.

Vanquished Creatures
  A jelly (D:4)
  Terence (D:2)
  3 adders
  An ufetubus (D:4)
  2 dart slugs
  8 bats
  8 endoplasms
  4 goblins
  3 hobgoblins
  3 jackals (D:2)
  A quokka (D:1)
  A ball python (D:1)
  4 frilled lizards
  A kobold (D:1)
  6 rats
47 creatures vanquished.

Notes
Turn   | Place    | Note
-------+----------+-------------------------------------------
     0 | D:1      | jagang the Human Monk began the quest for the Orb.
     0 | D:1      | Reached XP level 1. HP: 18/18 MP: 1/1
   133 | D:1      | Reached XP level 2. HP: 22/24 MP: 2/2
   205 | D:1      | Found Paoneq's Jewellery Emporium.
   344 | D:1      | Reached skill level 1 in Armour
   597 | D:1      | Reached XP level 3. HP: 27/29 MP: 3/3
   637 | D:1      | Found Ocunaos's Magic Scroll Shop.
   681 | D:1      | Bought a scroll of identify for 20 gold pieces
   681 | D:1      | Bought a scroll of identify for 20 gold pieces
   729 | D:1      | Found Amukle's Assorted Antiques.
   742 | D:1      | Bought a scroll labelled MAASHE CYLACK for 17 gold pieces
   838 | D:2      | Noticed Terence
   851 | D:2      | Killed Terence
   852 | D:2      | Reached XP level 4. HP: 9/36 MP: 4/4
   922 | D:1      | Bought a scroll labelled XOHOTO EKHLIT SED for 17 gold
                  | pieces
  1035 | D:2      | Found Rumucapp's Antique Weapon Shoppe.
  1519 | D:2      | Found a snail-covered altar of Cheibriados.
  1591 | D:3      | You fall into a shaft and drop 1 floor!
  1669 | D:4      | Reached XP level 5. HP: 38/42 MP: 5/5
  1799 | D:4      | Splashed by a jelly's acid

Illustrated notes

Levels and vault maps discovered:
D:1:      spicycebolla_green_bress_n_ham, layout_basic, serial_shops,
          nicolae_shop_gaudy_bauble, nicolae_shop_trees, nicolae_shop_waterfront
D:2:      layout_loops_ring, serial_shops, shop, basic_altar, uniq_terence
D:3:      layout_rooms, mainiacjoe_overflow_six_doors_small,
          mainiacjoe_overflow_alcove_4, basic_ecumenical_altar, uniq_grinder,
          uniq_crazy_yiuf_cottage
D:4:      layout_loops_ring, mainiacjoe_overflow_big_doors,
          mainiacjoe_overflow_catwalk, uniq_menkaure

Skill      XL: |  1  2  3  4  5 |
---------------+----------------+-----
Armour         | 1 2 |  2.5
Fighting       | 4 |  4.1
Long Blades    | 4 |  4.0
Dodging        | |  3.0

Action                     |  1- 3 |  4- 6 || total
---------------------------+-------+-------++-------
  Melee: Falchion          |    68 |    88 ||   156
 Armour: Robe              |    17 |       ||    17
         Chain mail        |       |    70 ||    70
  Dodge: Dodged            |    42 |    20 ||    62
